 Dungeon Crawl Stone Soup version 0.25-a0-890-g62861fb195 (webtiles) character file.

Game seed: 625071726518058918, levelgen mode: deterministic

975 tilp the Bolt Thrower (level 8, -4/48 HPs)
             Began as a Kobold Arcane Marksman on May 2, 2020.
             Slain by a gnoll
             ... wielding a +0 flail
              (10 damage)
             ... on level 6 of the Dungeon.
             The game lasted 00:12:11 (7177 turns).

tilp the Bolt Thrower (Kobold Arcane Marksman)      Turns: 7177, Time: 00:12:11

Health: -4/48      AC:  8    Str:  9    XL:     8   Next: 39%
Magic:  11/11      EV: 16    Int: 15    God:
Gold:   436        SH:  0    Dex: 15    Spells: 8/11 levels left

rFire    . . .     SeeInvis .   b - +0 flail
rCold    . . .     Gourm    .   (shield restricted)
rNeg     . . .     Faith    .   m - +0 robe (curse)
rPois    .         Spirit   .   D - +0 helmet
rElec    .         Reflect  .   q - scarf {repulsion}
rCorr    .         Harm     .   p - +1 pair of gloves (curse)
MR       .....                  f - +2 pair of boots (curse)
Stlth    ++........             (no amulet)
HPRegen  0.16/turn              (no ring)
MPRegen  0.12/turn              (no ring)

@: repel missiles
A: small, carnivore
a: no special abilities


You were on level 6 of the Dungeon.
You were completely stuffed.

You visited 2 branches of the dungeon, and saw 7 of its levels.

You collected 436 gold pieces.

Inventory:

Hand Weapons
 a - a +0 hand crossbow
 b - a +0 flail (weapon)
Missiles
 x - a throwing net (quivered) {!f}
Armour
 e - a +0 leather armour
 f - a cursed +2 pair of boots (worn)
 m - a cursed +0 robe (worn)
 p - a cursed +1 pair of gloves (worn)
 q - a scarf of repulsion (worn)
 D - a +0 helmet (worn)
Jewellery
 h - an uncursed amulet of regeneration {unknown}
 w - an uncursed amulet of magic regeneration {unknown}
 C - an uncursed ring of protection from cold {unknown}
Wands
 l - a wand of iceblast (8)
Scrolls
 k - 3 scrolls of teleportation
 o - 2 scrolls of fear
 s - a scroll of noise {unknown}
 u - a scroll of remove curse {unknown}
 v - a scroll of amnesia {unknown}
 y - a scroll of enchant weapon {unknown}
 B - a scroll of magic mapping {unknown}
Potions
 g - a potion of might
 n - a potion of degeneration {unknown}
 r - a potion of lignification
 t - a potion of curing {unknown}
 z - a potion of stabbing {unknown}
 A - 2 potions of mutation {unknown}
Comestibles
 c - 9 rations
 i - 3 chunks of flesh


   Skills:
 + Level 4.8 Fighting
 - Level 6.0 Crossbows
 + Level 3.8 Dodging
 + Level 3.2 Stealth
 - Level 2.0 Spellcasting
 - Level 6.0 Hexes


You had 8 spell levels left.
You knew the following spells:

 Your Spells              Type           Power        Failure   Level  Hunger
a - Corona                Hex            ###....      1%          1    #......
b - Slow                  Hex            ###.....     2%          2    ###....

Your spell library contained the following spells:

 Spells                   Type           Power        Failure   Level  Hunger
 Inner Flame              Hex/Fire       ##......     19%         3    ###....
 Portal Projectile        Hex/Tloc       ##....       19%         3    ###....
 Cause Fear               Hex            ###.......   19%         4    #####..
 Leda's Liquefaction      Hex/Erth       ##........   54%         4    #####..


Dungeon Overview and Level Annotations

Branches:
Dungeon (6/15)             Temple (1/1) D:4

Altars:
Ashenzari
Cheibriados
Dithmenos
Elyvilon
Hepliaklqana
Kikubaaqudgha
Makhleb
Nemelex Xobeh
Qazlal
Ru
Sif Muna
Uskayaw
Vehumet
Wu Jian
Xom
Yredelemnul
The Shining One

Shops:
D:4 }

Annotations:
D:6 2 transporters, EnegeticOcto's ghost, amateur DDFi


Innate Abilities, Weirdness & Mutations

You are small and have problems with some larger weapons.
You are carnivorous and can eat meat at any time.


Message History

Aim: a gnoll, wielding a +0 flail (lightly wounded, chance to defeat MR: 66%)
The gnoll is outlined in light.
You hit the gnoll but do no damage.
The gnoll is lightly wounded.
The gnoll barely misses you. The gnoll hits you but does no damage.
You hit the gnoll but do no damage.
The gnoll is lightly wounded.
The gnoll misses you.
You hit the gnoll but do no damage.
The gnoll is lightly wounded.
The gnoll hits you with a +0 flail.
* * * LOW HITPOINT WARNING * * *
You hit the gnoll.
The gnoll is moderately wounded.
The gnoll hits you with a +0 flail!
* * * LOW HITPOINT WARNING * * *
You completely miss the gnoll.
The gnoll is moderately wounded.
The gnoll hits you with a +0 flail!
You die...

_.§≈≈....# #..###.$...>#
8§§#..... ###.......#
§≈§≈a...##..######.((....$.#
##≈#...............####....#
≈≈......#
#..............g.(..(
§≈......#
#######(####.....#....
≈.......# #..# ###...#####
##..###.#### #g## #...#
...a.......#####@# #...#
####.##.##.......# #...#
#....#.....#.#########
####.#.#####...<.....##
#.#.# #########..# #...#
##.# #..## #.#### ##.##
#....## ###..# ####..#


You could see a gnoll.

Vanquished Creatures
  3 ogres
  2 bullfrogs (D:6)
  A howler monkey (D:4)
  A crimson imp (D:6)
  An orc priest (D:5)
  2 hounds
  2 bullfrog skeletons (D:4)
  3 iguanas
  3 worker ants
  6 gnolls
  5 adders
  2 shadow imps (D:5)
  2 oozes
  4 adder skeletons
  2 worms
  A dart slug (D:4)
  5 leopard geckos
  8 orcs
  4 bats
  4 giant cockroaches
  9 goblins
  10 hobgoblins
  A quokka (D:4)
  3 ball pythons
  3 frilled lizards
  A jackal skeleton (D:5)
  6 kobolds
  A quokka skeleton (D:4)
  A quokka zombie (D:5)
  5 rats
101 creatures vanquished.

Vanquished Creatures (others)
  4 toadstools (D:5)
4 creatures vanquished.

Grand Total: 105 creatures vanquished

Notes
Turn   | Place    | Note
-------+----------+-------------------------------------------
     0 | D:1      | tilp the Kobold Arcane Marksman began the quest for the
                  | Orb.
     0 | D:1      | Reached XP level 1. HP: 12/12 MP: 2/2
   714 | D:1      | Reached XP level 2. HP: 16/16 MP: 3/3
   718 | D:1      | Learned a level 2 spell: Slow
  1253 | D:2      | You fall into a shaft and drop 2 floors!
  1554 | D:3      | Reached XP level 3. HP: 17/20 MP: 4/4
  2245 | D:3      | Reached skill level 5 in Crossbows
  2245 | D:3      | Reached XP level 4. HP: 19/25 MP: 5/5
  3202 | D:3      | Reached XP level 5. HP: 29/29 MP: 6/6
  3750 | D:4      | Reached XP level 6. HP: 31/37 MP: 7/7
  3798 | D:4      | Found an ornate altar of the Wu Jian Council.
  3887 | D:4      | Found a hide-covered altar of Uskayaw.
  3888 | D:4      | Found a shimmering altar of Xom.
  3909 | D:4      | Found Demo's Gadget Shop.
  3979 | D:4      | Found a glowing golden altar of the Shining One.
  3979 | D:4      | Found a shadowy altar of Dithmenos.
  4159 | D:4      | Noticed a hippogriff
  4335 | D:4      | Noticed an ogre
  4352 | D:4      | Killed an ogre
  4352 | D:4      | Reached XP level 7. HP: 20/43 MP: 6/10
  5067 | D:4      | Found a sacrificial altar of Ru.
  5093 | D:4      | Found a staircase to the Ecumenical Temple.
  5099 | Temple   | Entered the Ecumenical Temple
  5436 | D:5      | Entered Level 5 of the Dungeon
  5516 | D:5      | Reached skill level 5 in Hexes
  6064 | D:5      | Reached skill level 1 in Stealth
  6064 | D:5      | Reached XP level 8. HP: 48/48 MP: 11/11
  6652 | D:6      | Found a shattered altar of Ashenzari.
  6933 | D:6      | Found a stormy altar of Qazlal.
  6978 | D:6      | Noticed EnegeticOcto's ghost (amateur DDFi)
  6979 | D:6      | Found a transporter.
  6986 | D:6      | Found a transporter.
  7177 | D:6      | Slain by a gnoll

Levels and vault maps discovered:
D:1:      scummos_arrival_star, layout_basic
D:2:      layout_loops_cross
D:3:      layout_basic, minmay_pentangle
D:4:      layout_loops_ring, nicolae_ru_path_of_blood, old_standard_altar,
          grunt_temple_overflow_open, minmay_temple_entry_fiery, serial_shops,
          shop
D:5:      layout_gridville, first_ration, minmay_gold_behind_fungi,
          serial_park_tiny_pond, minmay_manual_moon
D:6:      layout_rooms, nicolae_overflow_crystal_walls,
          ashenzari_conservatory_becter, nicolae_qazlal_general_emergency,
          gammafunk_ghost_smash
Temple:   compressed_dpeg_triangle_lava_temple

Skill      XL: |  1  2  3  4  5  6  7  8 |
---------------+-------------------------+-----
Crossbows      | 3 4 5 6 |  6.0
Fighting       | 3 4 |  4.8
Spellcasting   | 2 |  2.0
Hexes          | 4 6 |  6.0
Stealth        | 1 3 |  3.2
Dodging        | 3 |  3.8

Action                   |  1- 3 |  4- 6 |  7- 9 || total
-------------------------+-------+-------+-------++-------
Melee: Short sword       |     6 |       |       ||     6
       Mace              |    17 |    76 |    58 ||   151
       Flail             |       |       |    46 ||    46
 Fire: Hand crossbow     |    34 |   122 |    66 ||   222
Throw: Throwing net      |       |       |     1 ||     1
 Cast: Corona            |     2 |     9 |     3 ||    14
       Slow              |       |     5 |     4 ||     9
  Use: Scroll            |     1 |       |     5 ||     6
       Potion            |       |     2 |       ||     2
 Stab: Held in net/web   |       |       |     1 ||     1
  Eat: Chunk             |    10 |    10 |     9 ||    29
Armor: Robe              |     2 |    36 |    22 ||    60
Dodge: Dodged            |    27 |    95 |   115 ||   237
       Repelled          |       |     1 |     1 ||     2

Table legend:
 A = Non-vault XP
 B = Vault XP
 C = Vault XP percentage of total XP
 D = Non-vault monster count
 E = Vault monster count
 F = Vault count percentage of total count
                 A         B        C        D         E       F
            +---------+---------+-------+---------+---------+-------
      Total |    1284 |     109 |   7.8 |      77 |      24 |  23.8
            +---------+---------+-------+---------+---------+-------
        D:1 |      12 |       0 |   0.0 |       6 |       0 |   0.0
        D:2 |       6 |       0 |   0.0 |       5 |       0 |   0.0
        D:3 |     157 |      55 |  25.9 |      27 |      19 |  41.3
        D:4 |     477 |       0 |   0.0 |      17 |       0 |   0.0
        D:5 |     322 |      54 |  14.4 |      12 |       5 |  29.4
        D:6 |     310 |       0 |   0.0 |      10 |       0 |   0.0
            +---------+---------+-------+---------+---------+-------
